 Dungeon Crawl Stone Soup version 0.23.1-37-gaa34b87 (webtiles) character file.

Game seed: 11824151040152647751

367 myga the Insei (level 6, -4/64 HPs)
             Began as a Merfolk Transmuter on Mar 25, 2019.
             Slain by a sky beast (6 damage)
             ... on level 5 of the Dungeon.
             The game lasted 00:20:56 (4073 turns).

myga the Insei (Merfolk Transmuter)                 Turns: 4073, Time: 00:20:58

Health: -4/64      AC: 23    Str: 13    XL:     6   Next: 69%
Magic:  10/10      EV:  2    Int: 12    God:
Gold:   268        SH:  0    Dex: 14    Spells: 1/11 levels left

rFire    . . .     SeeInvis .     - Unarmed
rCold    . . .     Gourm    .   (no shield)
rNeg     + + +     Faith    .   (armour currently unavailable)
rPois    +         Spirit   .   (helmet currently unavailable)
rElec    .         Reflect  .   (cloak currently unavailable)
rCorr    .         Harm     .   (gloves currently unavailable)
MR       .....     NoTele   +   (boots currently unavailable)
Stlth    ++........             (no amulet)
HPRegen  0.20/turn              q - ring of flight
MPRegen  0.12/turn              (no ring)

@: tree-form
A: (change form in water), (swift swim), (stealthy swim)
a: no special abilities


You were on level 5 of the Dungeon.
You were hungry.
You were a tree.
You visited 1 branch of the dungeon, and saw 5 of its levels.

You collected 268 gold pieces.

Inventory:

Missiles
 a - 12 arrows
Armour
 g - a +1 pair of gloves of archery (melded)
 o - a +1 robe (melded)
Jewellery
 q - a ring of flight (left branch)
Scrolls
 e - 2 scrolls of enchant armour
 f - 2 scrolls of remove curse
 h - 2 scrolls of teleportation
 i - a scroll of identify
Potions
 b - a potion of cancellation
 c - 4 potions of curing
 k - a potion of degeneration
 l - a potion of lignification
 m - 2 potions of mutation
Comestibles
 d - 8 rations


   Skills:
 + Level 1.2 Fighting
 + Level 4.0 Dodging
 + Level 2.7 Stealth
 + Level 5.4 Unarmed Combat
 + Level 3.1 Spellcasting
 + Level 4.1 Transmutations
 + Level 1.3 Poison Magic


You had one spell level left.
You knew the following spells:

 Your Spells              Type           Power        Failure   Level  Hunger
a - Beastly Appendage     Tmut           ##....       4%          1    #......
b - Sticks to Snakes      Tmut           ##......     7%          2    ###....
c - Spider Form           Tmut/Pois      #.........   24%         3    ###....
d - Ice Form              Ice/Tmut       #.......     71%         4    #####..

Your spell library contained the following spells:

 Spells                   Type           Power        Failure   Level  Hunger
 Blade Hands              Tmut           ##........   77%         5    ######.


Dungeon Overview and Level Annotations

Branches:
Dungeon (5/15)
 Temple: D:4-7

Altars:
Uskayaw

Shops:
D:5 (

Annotations:
D:4 2 runed translucent doors, Killmatronix's ghost, amateur MiWn


Message History

Deactivating autopickup; reactivate with Ctrl-A.
Something hits you but does no damage.
It was a potion of flight.
Your roots keep you in place.
The water moccasin skeleton bites you but does no damage.
Something hits you but does no damage.
You hit something.
The water moccasin skeleton bites you but does no damage.
Something hits you but does no damage.
Okay, then.
Okay, then.
You smack something!
The water moccasin skeleton bites you but does no damage.
The quokka skeleton barely misses you. Something hits you but does no damage.
You closely miss something.
The water moccasin skeleton bites you but does no damage.
The quokka skeleton bites you but does no damage.
Something hits you.
* * * LOW HITPOINT WARNING * * *
Something shocks you.
You die...

.....<...>.####
................
...............
#..............####.
..##................
...................)
#...............!...
##........♣Z.......#
..#........Z{.........
##.....................
........##...###.....####
##.......##...##.....##
#........#....###.....###
....$.........####...<..#
...#.........##.....##.....#
#....#$.#...#..#### ......


You could see a water moccasin skeleton and a quokka skeleton.

Vanquished Creatures
  A phantom (D:4)
  A centaur zombie (D:3)
  An iguana (D:5)
  A worker ant (D:4)
  9 adders
  2 oozes (D:1)
  4 worms
  3 leopard geckos
  8 orcs
  3 giant cockroaches
  11 goblins
  13 hobgoblins
  4 jackals (D:1)
  6 kobolds
  2 quokkas
  7 bats
  7 frilled lizards
  A leopard gecko skeleton (D:4)
  9 rats
93 creatures vanquished.

Notes
Turn   | Place    | Note
-------+----------+-------------------------------------------
     0 | D:1      | myga the Merfolk Transmuter began the quest for the Orb.
     0 | D:1      | Reached XP level 1. HP: 15/15 MP: 3/3
    51 | D:1      | Reached XP level 2. HP: 16/21 MP: 3/5
   171 | D:1      | Learned a level 2 spell: Sticks to Snakes
   517 | D:1      | Reached XP level 3. HP: 26/26 MP: 4/6
   563 | D:1      | Learned a level 3 spell: Spider Form
   635 | D:1      | Reached skill level 4 in Unarmed Combat
  1434 | D:2      | Reached skill level 1 in Poison Magic
  1434 | D:2      | Reached XP level 4. HP: 32/32 MP: 4/7
  1436 | D:2      | Reached skill level 1 in Stealth
  1865 | D:3      | Reached XP level 5. HP: 8/37 MP: 1/9
  2479 | D:3      | Noticed a +0 hand axe
  2480 | D:3      | Noticed a +0 dagger
  2483 | D:3      | Found a hide-covered altar of Uskayaw.
  3353 | D:4      | Noticed a phantom
  3383 | D:4      | Killed a phantom
  3383 | D:4      | Reached skill level 5 in Unarmed Combat
  3383 | D:4      | Reached XP level 6. HP: 27/43 MP: 8/10
  3393 | D:4      | Learned a level 4 spell: Ice Form
  3702 | D:4      | Found a large runed translucent door.
  3702 | D:4      | Found a large runed translucent door.
  3706 | D:4      | Noticed Killmatronix's ghost (amateur MiWn)
  3974 | D:5      | Entered Level 5 of the Dungeon
  3982 | D:5      | Noticed a sky beast
  4015 | D:5      | Found Qovapp's Antique Weapon Shoppe.
  4051 | D:5      | HP: 1/43 [sky beast (6)]
  4068 | D:5      | HP: 3/64 [water moccasin skeleton (2)]
  4073 | D:5      | HP: 2/64 [something (2)]
  4073 | D:5      | Slain by a sky beast

Skill      XL: |  1  2  3  4  5  6 |
---------------+-------------------+-----
Transmutations | 3 4 |  4.1
Dodging        | 3 4 |  4.0
Unarmed Combat | 4 5 |  5.4
Poison Magic   | 1 |  1.3
Stealth        | 1 2 |  2.7
Spellcasting   | 3 |  3.1
Fighting       | |  1.2

Action                   |  1- 3 |  4- 6 || total
-------------------------+-------+-------++-------
Melee: Unarmed           |   117 |   198 ||   315
       Headbutt          |    13 |    20 ||    33
       Punch             |     1 |     4 ||     5
 Cast: Beastly Appendage |    17 |    20 ||    37
       Spider Form       |     2 |     8 ||    10
  Use: Scroll            |       |     9 ||     9
       Potion            |       |     4 ||     4
 Stab: Sleeping          |     3 |     5 ||     8
  Eat: Chunk             |     2 |    10 ||    12
Armor: Robe              |    17 |    21 ||    38
       Skin              |       |    17 ||    17
Dodge: Dodged            |    69 |   128 ||   197
